 Dungeon Crawl Stone Soup version 0.27.1-33-g824d729ab1 (webtiles) character file.

Game seed: 10740832505021133206

53 LLlMATKO the Chopper (level 3, -1/33 HPs)
             Began as a Minotaur Berserker on Dec 27, 2021.
             Was a Believer of Trog.
             Slain by a worm (2 damage)
             ... on level 2 of the Dungeon.
             The game lasted 00:01:49 (1859 turns).

LLlMATKO the Chopper (Minotaur Berserker)           Turns: 1859, Time: 00:01:50

Health: -1/33      AC:  4    Str: 21    XL:     3   Next: 64%
Magic:  2/2        EV: 12    Int:  4    God:    Trog [**....]
Gold:   60         SH:  0    Dex: 10    Spells: 2/2 levels left

rFire    . . .     SeeInvis .   a - +0 hand axe
rCold    . . .     Faith    .   (no shield)
rNeg     . . .     Spirit   .   b - +0 animal skin
rPois    .         Reflect  .   (helmet restricted)
rElec    .         Harm     .   k - +0 cloak
rCorr    .         Rampage  .   g - +0 pair of gloves
Will     .....                  (no boots)
Stlth    +.........             (no amulet)
HPRegen  0.11/turn              (no ring)
MPRegen  0.08/turn              (no ring)

@: on berserk cooldown, slowed, very slow
A: horns 2, retaliatory headbutt
a: Renounce Religion, Berserk, Trog's Hand


You were on level 2 of the Dungeon.
You worshipped Trog.
Trog was pleased with you.
You visited 1 branch of the dungeon, and saw 2 of its levels.

You collected 60 gold pieces.

Inventory:

Hand Weapons
 a - a +0 hand axe (weapon)
Missiles
 m - 20 bolts
Armour
 b - a +0 animal skin (worn)
 g - a +0 pair of gloves (worn)
 k - a +0 cloak (worn)
Scrolls
 c - 2 scrolls of summoning {unknown}
 d - a scroll of enchant weapon {unknown}
 f - 3 scrolls of teleportation {unknown}
 i - a scroll of magic mapping {unknown}
 j - 2 scrolls of identify {unknown}
 n - a scroll of enchant armour {unknown}
 o - a scroll of noise {unknown}
Potions
 e - a potion of mutation {unknown}
 h - a potion of curing {unknown}
 l - a potion of haste {unknown}
 p - a potion of lignification {unknown}


   Skills:
 + Level 4.2 Fighting
 + Level 4.2 Axes
 + Level 3.2 Armour
 + Level 2.9 Dodging


You had 2 spell levels left.
You didn't know any spells.
Your spell library was empty.

Dungeon Overview and Level Annotations

Branches:
Dungeon (2/15)

Altars:


Innate Abilities, Weirdness & Mutations

You have a pair of horns on your head.
You reflexively headbutt those who attack you in melee.


Message History

The adder misses you. You furiously retaliate!
You headbutt the adder! The kobold closely misses you.
You slash the adder!
You kill the adder!
Trog accepts your kill.
You miss the kobold.
You feel sick.
You slash the adder!
The adder is severely wounded.
You closely miss the kobold.
You feel sick. The kobold barely misses you.
The adder bites you but does no damage.
You slash the adder!
You kill the adder!
Trog accepts your kill.
You can now call upon Trog for regeneration and willpower.
You hit the kobold.
You kill the kobold!
Trog accepts your kill.
You feel sick.
You see here an adder corpse.
You feel a strong urge to attack something.
You feel sick.
You are no longer berserk.
You are exhausted.
You feel yourself slow down.
You hit the worm.
The worm is moderately wounded.
You hit the quokka.
You feel sick.
You are no longer poisoned.
The quokka bites you.
* * * LOW HITPOINT WARNING * * *
The worm bites you.
* * * LOW HITPOINT WARNING * * *
The quokka barely misses you.
Unknown command.
You hit the worm.
The worm is heavily wounded.
You closely miss the quokka. The quokka bites you.
* * * LOW HITPOINT WARNING * * *
The worm bites you.
You die...

.<................#
........##........##
....)...###).......#
................$..#
.####.....##)......#
. ##.............##
###....)††..#..#.#
##.#.?.........#
#..##..r@.....#
##.......w.....#
......##.......#
.#.#..........##
#...###.#.......# ..
###.....# .....#
.....#


You could see a worm and a quokka.

Vanquished Creatures
  2 adders (D:2)
  A worm (D:2)
  A dart slug (D:2)
  3 bats
  3 endoplasms
  3 hobgoblins
  A quokka (D:2)
  4 ball pythons
  4 goblins (D:1)
  6 kobolds
  3 rats
31 creatures vanquished.

Notes
Turn   | Place    | Note
-------+----------+-------------------------------------------
     0 | D:1      | LLlMATKO the Minotaur Berserker began the quest for the
                  | Orb.
     0 | D:1      | Reached XP level 1. HP: 19/19 MP: 0/0
   660 | D:1      | Reached XP level 2. HP: 27/27 MP: 1/1
  1806 | D:2      | Reached XP level 3. HP: 31/33 MP: 2/2
  1854 | D:2      | Reached ** piety under Trog
  1859 | D:2      | HP: 1/33 [quokka (1)]
  1859 | D:2      | Slain by a worm

Illustrated notes

Levels and vault maps discovered:
D:1:      dpeg_arrival_morbid_curiosity, layout_loops_ring
D:2:      layout_rooms, dreamdust_ecumenical_altar_grove, serial_shops, shop,
          minmay_hexomino_r4

Skill      XL: |  1  2 |
---------------+-------+-----
Fighting       | 4 |  4.2
Axes           | 4 |  4.2
Armour         | 3 |  3.2
Dodging        | |  2.9

Action                   || total
-------------------------++-------
Melee: Hand axe          ||    71
       Headbutt          ||     6
Invok: Berserk           ||     3
Armor: Animal skin       ||    16
Dodge: Dodged            ||    48
